 Dungeon Crawl Stone Soup version 0.29-a0-994-gc5c9f59d18 (webtiles) character file.

Game seed: 18232735433302019402

30 sanka the Poker (level 3, 35/35 HPs)
             Began as a Gnoll Berserker on Aug 3, 2022.
             Was a Believer of Trog.
             Quit the game on level 1 of the Dungeon.
             The game lasted 00:00:45 (683 turns).

sanka the Poker (Gnoll Berserker)                    Turns: 683, Time: 00:00:46

Health: 35/35      AC:  2    Str: 18    XL:     3   Next: 18%
Magic:  4/4        EV: 13    Int:  6    God:    Trog [**....]
Gold:   52         SH:  0    Dex: 11    Spells: 3/3 levels left

rFire   . . .      SeeInvis .   a - +0 spear
rCold   . . .      Faith    .   (no shield)
rNeg    . . .      Spirit   .   b - +0 animal skin
rPois   .          Reflect  .   (no helmet)
rElec   .          Harm     .   (no cloak)
rCorr   .          Rampage  .   (no gloves)
Will    .....                   (no boots)
Stlth   +.........              (no amulet)
HPRegen 0.11/turn               (no ring)
MPRegen 0.09/turn               (no ring)

@: no status effects
A: fangs 1, strong nose, distributed training
a: Renounce Religion, Berserk, Trog's Hand


You were on level 1 of the Dungeon.
You worshipped Trog.
Trog was pleased with you.
You visited 1 branch of the dungeon, and saw 1 of its levels.

You collected 52 gold pieces.


Innate Abilities, Weirdness & Mutations

You have very sharp teeth.
Your uncanny sense of smell can sniff out nearby items.
Your experience applies equally to all skills.


   Skills:
 + Level 6.5 Fighting
 + Level 0.7 Short Blades
 + Level 0.7 Long Blades
 + Level 0.7 Axes
 + Level 0.7 Maces & Flails
 + Level 6.5 Polearms
 + Level 0.7 Staves
 + Level 0.7 Ranged Weapons
 + Level 0.7 Throwing
 + Level 4.5 Armour
 + Level 4.5 Dodging
 + Level 0.7 Stealth
 + Level 0.7 Shields
 + Level 0.7 Unarmed Combat
 + Level 0.7 Spellcasting
 + Level 0.5 Conjurations
 + Level 0.5 Hexes
 + Level 0.5 Summonings
 + Level 0.5 Necromancy
 + Level 0.5 Translocations
 + Level 0.5 Transmutations
 + Level 0.5 Fire Magic
 + Level 0.5 Ice Magic
 + Level 0.5 Air Magic
 + Level 0.5 Earth Magic
 + Level 0.5 Poison Magic
 + Level 0.9 Invocations
 + Level 0.7 Evocations


You had 3 spell levels left.
You didn't know any spells.
Your spell library was empty.

Inventory:

Hand Weapons
 a - a +0 spear (weapon)
Armour
 b - a +0 animal skin (worn)
Scrolls
 c - 2 scrolls of identify {unknown}
 f - a scroll of enchant weapon {unknown}
 g - a scroll of teleportation {unknown}
 h - a scroll of blinking {unknown}
Potions
 d - a potion of ambrosia {unknown}
 e - 2 potions of might {unknown}

Dungeon Overview and Level Annotations

Branches:
Dungeon (1/15)

Altars:

▒..... ▒.▒... ▒▒.▒...
..+... ▒▒▒▒▒▒▒▒▒▒▒▒▒
▒.▒...
▒...........▒▒▒▒.▒...
▒...........+........
▒(†...........▒▒...▒▒
▒...g.........▒▒..▒▒.
▒▒▒▒▒+▒▒▒▒▒▒▒.▒..▒▒.▒
▒.▒....▒▒ ▒.▒▒...▒.
▒.▒▒▒.).. ▒..▒▒▒..▒
▒...▒▒▒▒▒ ▒▒.......
▒▒▒▒▒.▒.


There were no monsters in sight!


Message History

Things that are here:
a +0 dagger; a kobold corpse
Found a scroll labelled ICKACOXUDU and a scroll labelled GIR INTECE.
g - a scroll labelled GIR INTECE A rat comes into view.
You see here a scroll labelled ICKACOXUDU.
A rat is nearby!
A rat is nearby!
You puncture the rat!
You kill the rat!
Trog accepts your kill.
No target in view!
No target in view!
h - a scroll labelled ICKACOXUDU
Found 4 gold pieces.
A frilled lizard comes into view.
A frilled lizard is nearby!
Found 6 stones.
You see here 4 gold pieces.
You reach to attack!
The helpless frilled lizard fails to defend itself.
You puncture the frilled lizard!
You kill the frilled lizard!
Trog accepts your kill.
No target in view!
No target in view!
Are you sure you want to abandon this character and quit the game? (Confirm with "yes".)
Okay, then.
Unknown command.
Are you sure you want to abandon this character and quit the game? (Confirm with "yes".)

Action                   || total
-------------------------++-------
Melee: Spear             ||    60
       Bite              ||     2
 Stab: Sleeping          ||     2
Armor: Animal skin       ||     4
Dodge: Dodged            ||    22

Levels and vault maps discovered:
D:1:      minmay_arrival_jagged, layout_basic, minmay_cupped

Notes
Turn   | Place    | Note
-------+----------+-------------------------------------------
     0 | D:1      | sanka the Gnoll Berserker began the quest for the Orb.
     0 | D:1      | Reached XP level 1. HP: 23/23 MP: 1/1
   164 | D:1      | Reached XP level 2. HP: 22/29 MP: 2/2
   558 | D:1      | Reached XP level 3. HP: 35/35 MP: 3/3
   576 | D:1      | Reached ** piety under Trog
   683 | D:1      | Quit the game

Vanquished Creatures
  A dart slug (D:1)
  3 ball pythons (D:1)
  A bat (D:1)
  3 endoplasms (D:1)
  2 giant cockroaches (D:1)
  2 goblins (D:1)
  3 hobgoblins (D:1)
  4 jackals (D:1)
  2 frilled lizards (D:1)
  A kobold (D:1)
  A rat (D:1)
23 creatures vanquished.
